Match 45055439
Unlisted

Match 45055439
End
Construct Barracks
Engineer Squad
Selects Airborne Battlegroup
Selects Pathfinders
Riflemen Squad
Riflemen Squad
.30 cal Machine Gun
Construct Weapon Support Center
Grenade Package
.30 cal Machine Gun
Selects Recon Loiter
Bazooka Squad
.30 cal Machine Gun
Mechanized Support Center
Riflemen Squad
.30 cal Machine Gun
Selects Paratrooper Squad Paradrop
Bazooka Squad
Bazooka Squad
Construct Tank Depot
Selects Anti-tank Gun Team Paradrop
M4A1 Sherman Medium Tank
Paratrooper Squad Paradrop
Paratrooper Squad Paradrop
Designate Forward Repair Station
Selects Paradrop Reinforcements
M4A1 Sherman Medium Tank
M4A1 76mm Conversion
Improvised Armor
Selects Carpet Bombing Run
Carpet Bombing Run
M4A1(76) Sherman Medium Tank
Engineer Squad
Paratrooper Squad Paradrop
Carpet Bombing Run
Engineer Squad
maae1992
Andrei
cfsun0419
Rav3nX
Joraad
MG42
AsianInvasion
Johnny Testickle
0
0

Comments sign in to comment!

No comments posted yet!